Cogmind - Beta 15 @@@ ROGUE MODE // 2025.08.26 @ 22:40:44 Player: JuustuToug Result: Destroyed by P-70 Sage with High-powered Shock Rifle Performance ------------- Evolutions (5) 2500 Regions Visited (16) 3200 Robots Destroyed (209) 1045 Value Destroyed (10457) 10457 Prototype IDs (36) 720 Alien Tech Used (0) 0 Bonus (6334) 6334 TOTAL SCORE: 24256 Bonus ------- High Alert Combat Kills 3046 Follower Combat Kills 590 Entered Garrisons 800 Used RIF Installer 2000 Aligned with FarCom 300 Friendly Fire -402 Cogmind --------- Core Integrity 0/1000 Matter 300/300 Energy 100/100 System Corruption 30% Temperature Cool (0) Movement Core (50) Location -5/Garrison Parts ------- > --- POWER (1) -------- (None) > --- PROPULSION (5) --- (None) > --- UTILITY (8) ------ Advanced Heat Sink Advanced Terrain Scan Processor Improved Transmission Jammer > --- WEAPON (3) ------- (None) > --- INVENTORY (5) ---- Improved Deuterium Engine Light Angular Momentum Engine Heavy Beamcaster Compact Tesla Bomb Launcher Axe Peak State ------------ > --- POWER ------------ Antimatter Reactor > --- PROPULSION ------- Heavy Treads Heavy Treads Combat Linear Gravjet > --- UTILITY ---------- Improved Cooling System Advanced Terrain Scan Processor Advanced Launcher Guidance Computer Improved Transmission Jammer Improved Propulsion Shielding Improved Propulsion Shielding Dynamic Insulation System > --- WEAPON ----------- Compact Tesla Bomb Launcher Enhanced Force Lance Enhanced Force Lance > --- INVENTORY -------- Neutrino Core Improved Linear Gravjet Disruptor Cannon Great Axe [Rating: 98] Favorites ----------- Power Light Angular Momentum Engine Engine Light Angular Momentum Engine Power Core Micro Nuclear Core Reactor Antimatter Reactor Propulsion Aluminum Leg Treads Light Treads Leg Aluminum Leg Hover Unit Combat Linear Gravjet Flight Unit Improved Cesium-ion Thruster Utility Medium Storage Unit Device Improved Cooling System Storage Medium Storage Unit Processor Advanced Terrain Scan Processor Hackware Relay Coupler [Sentry] Protection Improved Light Armor Plating Weapon Plasma Cannon Energy Gun Gatling Laser Energy Cannon Plasma Cannon Ballistic Gun Flak Gun Ballistic Cannon Advanced Assault Cannon Launcher Compact Tesla Bomb Launcher Impact Weapon Impact Mace Slashing Weapon Katana Piercing Weapon Enhanced Force Lance Build | -11 -10 -10 -10 -9 -8 -8 -8 -8 -7 -7 -7 -7 -5 -5 -5 -5 ------- Run | Yrd Mat Min Exi Min Mat Gar Mat Gar Fac Gar Sto Rec Fac Was Fac Gar Slots Evolved 10 | . . . . . 4 . . . 2 . . . 4 . . . Power . | . . . . . . . . . . . . . . . . . Propulsion 3 | . . . . . 2 . . . 1 . . . . . . . Utility 6 | . . . . . 2 . . . 1 . . . 3 . . . Weapon 1 | . . . . . . . . . . . . . 1 . . . Parts Attached 193 | 6 9 . . 1 14 18 2 10 9 32 23 6 23 21 2 17 Power 24 | 1 2 . . . 2 5 1 1 . 3 3 . 2 1 1 2 Engine 17 | 1 2 . . . 2 4 1 1 . 2 3 . . . . 1 Core 6 | . . . . . . 1 . . . 1 . . 2 . 1 1 Reactor 1 | . . . . . . . . . . . . . . 1 . . Propulsion 60 | 2 2 . . . 4 5 . 3 3 13 10 4 7 3 . 4 Treads 13 | 2 . . . . . 2 . . . 4 . . . 2 . 3 Leg 44 | . 2 . . . 4 3 . 3 3 9 10 4 6 . . . Wheel . | . . . . . . . . . . . . . . . . . Hover 2 | . . . . . . . . . . . . . . 1 . 1 Flight 1 | . . . . . . . . . . . . . 1 . . . Utility 67 | 1 3 . . 1 4 5 1 4 3 10 9 1 7 11 1 6 Device 23 | . 1 . . 1 1 1 1 1 2 2 3 . 3 4 . 3 Storage 2 | 1 1 . . . . . . . . . . . . . . . Processor 6 | . 1 . . . 1 . . . 1 . . 1 . 1 . 1 Hackware 3 | . . . . . . . . . . . . . 1 . . 2 Protection 33 | . . . . . 2 4 . 3 . 8 6 . 3 6 1 . Artifact . | . . . . . . . . . . . . . . . . . Weapon 42 | 2 2 . . . 4 3 . 2 3 6 1 1 7 6 . 5 Energy Gun 18 | 1 2 . . . . . . . 1 4 1 . 2 3 . 4 Energy Cannon 6 | . . . . . 2 3 . 1 . . . . . . . . Ballistic Gun 5 | 1 . . . . . . . . . 2 . 1 1 . . . Ballistic Cannon 3 | . . . . . . . . . 1 . . . 2 . . . Launcher 4 | . . . . . 1 . . 1 . . . . 1 1 . . Special Weapon . | . . . . . . . . . . . . . . . . . Impact Weapon 2 | . . . . . . . . . 1 . . . 1 . . . Slashing Weapon 2 | . . . . . 1 . . . . . . . . . . 1 Piercing Weapon 2 | . . . . . . . . . . . . . . 2 . . Special Melee Weapon . | . . . . . . . . . . . . . . . . . Unidentified Prototypes 6 | . . . . . 1 . . . 1 . . . 1 2 . 1 Corrupted Parts 7 | . . . . . . . . . . 3 . . 1 . . 3 System Corruption 29 | . . . . . . . . . . 15 . . 1 . . 13 Parts Lost 68 | . 2 . . 2 . 7 . 1 . 17 6 3 13 . . 17 Power 8 | . 1 . . . . 2 . . . 2 1 . . . . 2 Propulsion 21 | . . . . . . 4 . 1 . 6 1 2 5 . . 2 Utility 25 | . . . . 2 . 1 . . . 5 3 . 5 . . 9 Weapon 14 | . 1 . . . . . . . . 4 1 1 3 . . 4 Highest Loss Streak 11 | . 1 . . 2 . 7 . 1 . 7 5 1 11 . . 10 To Critical Strikes . | . . . . . . . . . . . . . . . . . Average Backups 8 | 4 6 9 9 7 9 9 10 9 8 9 9 8 9 4 4 3 Power 1 | . 1 1 2 1 . . 1 1 1 1 1 1 . . 1 . Propulsion . | 1 2 2 2 2 . . . . . . . . . . 2 1 Utility 3 | . . 3 2 1 3 3 4 3 4 4 5 3 2 . . . Weapon 3 | 1 1 3 3 3 5 4 4 4 3 2 1 3 4 3 1 1 Tool/Special . | . . . . . . . . . . . . . . . . . Unused Backups 47 | . 1 . 4 2 8 4 . 2 2 4 1 3 9 3 . 4 Power 13 | . 1 . 2 2 . 1 . . . 2 . 1 1 . . 3 Propulsion 3 | . . . . . . . . 1 . . 1 . . . . 1 Utility 13 | . . . 2 . 3 1 . . 1 . . 2 3 1 . . Weapon 14 | . . . . . 4 2 . 1 . 2 . . 3 2 . . Tool/Special 4 | . . . . . 1 . . . 1 . . . 2 . . . Average Slot Usage (%) 92 | . 95 100 100 90 98 97 100 97 88 90 95 95 94 67 88 79 Engine 6 | . 14 14 14 14 9 8 9 9 7 6 7 7 4 . . 1 Treads 3 | . 26 . . . . 1 9 1 . 4 . . . 9 11 7 Leg 27 | . . 28 28 28 35 32 27 34 35 28 37 35 28 . . . Device 11 | . 5 14 14 4 8 9 13 16 7 7 8 21 16 10 11 13 Storage 7 | . 14 14 14 14 9 9 9 9 7 7 6 7 4 . . . Processor 4 | . 4 . . . 8 9 4 . 5 3 . 5 5 7 5 6 Protection 10 | . . . . . 8 8 9 9 7 14 18 1 6 15 29 15 Energy Gun 7 | . 21 28 28 28 . . . . 1 2 7 7 10 5 17 14 Energy Cannon 6 | . . . . . 17 15 18 17 7 8 . . . . . . Ballistic Gun 1 | . 7 . . . . . . . . 1 7 7 . . . . Ballistic Cannon 1 | . . . . . . . . . 4 2 . . 4 . . . Peak Build Rating 98 | 6 9 9 10 10 29 41 38 43 50 50 47 48 73 98 91 98 Average Rating 43 | 3 7 9 9 8 26 29 37 39 47 39 39 45 65 74 89 82 On Entrance 32 | . 6 9 9 10 8 29 38 37 41 50 34 42 46 6 89 91 Naked Turns . | . . . . . . . . . . . . . . . . . Heaviest Build 61 | 13 18 18 18 18 39 41 44 55 55 56 53 45 60 59 61 61 Greatest Support 150 | 40 40 20 20 20 50 50 40 60 81 81 79 75 80 140 140 150 Greatest Overweight (x) 3 | 3 . . . . . 3 1 3 . 2 1 . 1 2 . 2 Average Overweight (x) . | 1 . . . . . . . . . . . . . . . . Largest Inventory Capacity 10 | 8 10 10 10 10 10 10 10 10 10 10 10 10 10 5 5 5 Average Capacity 9 | 7 8 10 10 10 10 10 10 10 10 10 9 10 9 5 5 5 Most Carried 10 | 8 10 9 10 10 10 10 10 10 10 10 10 10 10 5 5 5 Average Carried 8 | 4 6 9 9 7 9 9 10 9 9 9 9 9 9 4 4 4 Final Capacity 10 | 8 10 10 10 10 10 10 10 10 10 10 10 10 5 5 5 5 Final Carried 10 | 4 9 9 10 7 10 10 10 10 10 10 7 10 5 5 5 5 Class Distribution -------------------- 49% | Scavenger-Mutant 28% | Mutant 8% | Scavenger-Tank 7% | Scavenger-Skirmisher 5% | Commander-Skirmisher Dominant Class ---------------- Mutant | -10/Materials Mutant | -10/Mines Mutant | -10/Exiles Mutant | -9/Mines Mutant | -8/Materials Mutant | -8/Garrison Scavenger-Mutant | -8/Materials Scavenger-Mutant | -8/Garrison Scavenger-Mutant | -7/Factory Scavenger-Mutant | -7/Garrison Scavenger-Mutant | -7/Storage Scavenger-Skirmisher | -7/Recycling Commander-Skirmisher | -5/Factory Scavenger-Mutant | -5/Waste Scavenger-Tank | -5/Factory Scavenger-Tank | -5/Garrison Resources | -11 -10 -10 -10 -9 -8 -8 -8 -8 -7 -7 -7 -7 -5 -5 -5 -5 ----------- Run | Yrd Mat Min Exi Min Mat Gar Mat Gar Fac Gar Sto Rec Fac Was Fac Gar Matter Collected 5595 | 208 184 . . 32 170 495 . 246 488 1028 1014 267 620 364 58 421 Remotely . | . . . . . . . . . . . . . . . . . Salvage Created 10032 | . 473 . . 54 291 824 . 845 760 1781 1383 299 991 618 58 1655 Parts 422 | . 22 . . 2 13 36 . 47 40 89 60 14 28 10 4 57 Haulers Intercepted 5 | . 1 . . . 1 . . . 3 . . . . . . . Recyclers Shooed 7 | . . . . . . . . . 1 . 4 . 2 . . . Parts Field Recycled . | . . . . . . . . . . . . . . . . . Retrieved Matter . | . . . . . . . . . . . . . . . . . Parts Self-Destructed . | . . . . . . . . . . . . . . . . . Prevented . | . . . . . . . . . . . . . . . . . Kills | -11 -10 -10 -10 -9 -8 -8 -8 -8 -7 -7 -7 -7 -5 -5 -5 -5 ------- Run | Yrd Mat Min Exi Min Mat Gar Mat Gar Fac Gar Sto Rec Fac Was Fac Gar Combat Hostiles Destroyed 187 | . 9 . . 1 6 26 . 19 16 32 25 5 21 . 1 26 Melee 2 | . . . . . . . . . . . . . . . . 2 Guns 60 | . 9 . . 1 . . . . 1 5 25 5 5 . 1 8 Cannons 61 | . . . . . 4 8 . 16 10 21 . . 2 . . . AOE 57 | . . . . . 2 17 . 1 5 5 . . 13 . . 14 Classes Destroyed 16 | . 6 . . 1 1 1 . 2 . 2 1 . 2 . . . Worker 6 | . 2 . . . . . . . . . 3 . 1 . . . Builder 1 | . . . . . . . . . . . 1 . . . . . Hauler 5 | . 1 . . . 1 . . . 3 . . . . . . . Recycler 7 | . 1 . . . . . . . 1 . 3 1 1 . . . Mechanic 1 | . . . . . . . . . . . . . 1 . . . Watcher 2 | . 2 . . . . . . . . . . . . . . . Swarmer 48 | . 3 . . . . 16 . . 4 6 2 . . . . 17 Cutter 3 | . . . . . . . . 3 . . . . . . . . Saboteur 1 | . . . . . . . . . . . . . 1 . . . Grunt 54 | . 6 . . . 3 5 . 5 5 6 10 1 6 . . 7 Brawler 10 | . . . . 1 . . . . . 3 . . 5 . . 1 Duelist 8 | . . . . . . . . . . 2 1 . 4 . . 1 Sentry 32 | . . . . . 3 3 . 6 2 9 7 2 . . . . Specialist 3 | . . . . . . 2 . . . 1 . . . . . . Hunter 9 | . . . . . . . . . . 2 2 . 4 . 1 . Programmer 19 | . . . . . . . . 5 5 3 3 2 1 . . . Best Kill Streak 10 | . 4 . . 1 3 8 . 3 4 5 5 3 10 . 1 8 Combat Bots Only 9 | . 3 . . 1 3 8 . 3 3 5 5 3 9 . 1 8 Max Kills in Single Turn 4 | . 2 . . 1 2 3 . 1 4 2 1 1 4 . 1 4 Gunslinging . | . . . . . . . . . . . . . . . . . Exploded 4 | . . . . . 2 3 . 1 3 2 . . 4 . . 4 Melee 1 | . . . . . . . . . . . . . . . . 1 Uniques/NPCs Destroyed . | . . . . . . . . . . . . . . . . . Combat | -11 -10 -10 -10 -9 -8 -8 -8 -8 -7 -7 -7 -7 -5 -5 -5 -5 -------- Run | Yrd Mat Min Exi Min Mat Gar Mat Gar Fac Gar Sto Rec Fac Was Fac Gar Hostile Shots Fired 1786 | . 96 . . 13 21 141 1 52 93 537 351 55 152 . 21 253 Missed 646 | . 28 . . 3 9 46 . 20 32 236 104 25 49 . 4 90 Hits 1140 | . 68 . . 10 12 95 1 32 61 301 247 30 103 . 17 163 Melee 46 | . . . . 5 . . . 7 . 23 3 . 6 . . 2 Projectile 1094 | . 68 . . 5 12 95 1 25 61 278 244 30 97 . 17 161 Critical Strikes 42 | . . . . 2 . 7 . 5 2 5 7 1 7 . 1 5 Actively Blocked 2 | . . . . . . . . . . . . . 1 . . 1 Part Disruptions 1 | . . . . . . . . . 1 . . . . . . . Damage Taken 15328 | . 751 . . 161 210 1281 9 473 774 3499 2729 266 2121 . 184 2870 Core 1883 | . 111 . . 32 23 129 . 25 50 246 238 26 437 . 22 544 Absorbed by Shields 112 | . . . . . . . . 36 . . . . 18 . . 58 Reduced by Siege Mode 3 | . . . . . . . . . . . . . . . . 3 Redirected to Shielding 259 | . . . . . . . . . . . . . 100 . 40 119 Ignored by Resistances 93 | . . . . . . . . . . . 93 . . . . . Regen/Repaired (Parts) 411 | . . . . . . . . . 116 . 229 . 66 . . . Core Remaining (%) 57 | 100 . . . 42 . . . 67 . . . 20 . . . . Volleys Fired 644 | . 50 . . 7 13 74 . 64 55 138 105 14 36 4 4 80 Largest 3 | . 2 . . 2 2 2 . 2 2 2 2 2 3 3 3 3 Hottest 243 | . 105 . . 105 160 160 . 160 160 160 108 108 207 243 243 243 Shots Fired 1231 | . 98 . . 14 22 120 . 109 102 227 199 30 99 12 12 187 Gun 641 | . 98 . . 14 . . . . 9 40 199 30 53 12 12 174 Cannon 533 | . . . . . 19 104 . 108 91 175 . . 36 . . . Launcher 57 | . . . . . 3 16 . 1 2 12 . . 10 . . 13 Special . | . . . . . . . . . . . . . . . . . Kinetic 285 | . 28 . . . . . . . 44 53 103 15 42 . . . Thermal 888 | . 70 . . 14 19 104 . 108 56 161 96 15 47 12 12 174 Explosive 29 | . . . . . 3 16 . . . . . . 10 . . . Electromagnetic 29 | . . . . . . . . 1 2 13 . . . . . 13 Robot Hit Streak 53 | . 13 . . 5 17 29 . 19 8 23 12 12 9 11 4 53 Robot Miss Streak 8 | . 4 . . 4 . 3 . 2 3 7 6 6 7 1 4 8 Penetration Max 1 | . . . . . . . . . . . . . 1 . . . Secondary Targets 2 | . . . . . . . . . . 1 1 . . . . . Max Gunslinging Chain 1 | . . . . . . . . . . 1 1 . . . . . Shots Hit Robots 795 | . 71 . . 7 15 77 . 53 56 116 153 26 68 16 6 131 Core Hits 490 | . 25 . . 2 11 49 . 22 27 67 111 25 78 5 2 66 Critical Kills 3 | . . . . . . . . 2 . 1 . . . . . . Critical Parts Destroyed . | . . . . . . . . . . . . . . . . . Critical Strikes 19 | . 1 . . . . . . 2 3 2 . . . 1 1 9 Burn 13 | . 1 . . . . . . . 1 . . . . 1 1 9 Meltdown 3 | . . . . . . . . 2 . 1 . . . . . . Blast 3 | . . . . . . . . . 2 1 . . . . . . Melee Attacks 23 | . . . . . . 16 . . . . . . . 7 . . Impact . | . . . . . . . . . . . . . . . . . Slashing 16 | . . . . . . 16 . . . . . . . . . . Piercing 7 | . . . . . . . . . . . . . . 7 . . Sneak Attacks . | . . . . . . . . . . . . . . . . . Combat Hostiles . | . . . . . . . . . . . . . . . . . Follow-up Attacks . | . . . . . . . . . . . . . . . . . Damage Inflicted 25768 | . 938 . . 93 641 3690 . 1422 2120 3581 3232 483 4682 599 138 4149 Guns 9498 | . 938 . . 93 . . . . 154 348 3232 465 1044 211 138 2875 Cannons 7922 | . . . . . 356 1782 . 1387 1296 2538 . . 563 . . . Explosions 7902 | . . . . . 285 1908 . 35 670 695 . . 3070 . . 1239 Melee 388 | . . . . . . . . . . . . . . 388 . . Ramming 58 | . . . . . . . . . . . . 18 5 . . 35 Kinetic 3551 | . 254 . . . . . . . 579 450 1406 192 670 . . . Thermal 15077 | . 684 . . 93 356 1782 . 1387 1333 2483 1826 273 1535 211 138 2976 Explosive 4665 | . . . . . 285 1908 . . . . . . 2472 . . . Electromagnetic 2029 | . . . . . . . . 35 208 648 . . . . . 1138 Impact . | . . . . . . . . . . . . . . . . . Slashing . | . . . . . . . . . . . . . . . . . Piercing 388 | . . . . . . . . . . . . . . 388 . . Highest Corruption 39 | . . . . 7 . . . 1 3 34 39 39 10 10 10 30 Average Corruption 18 | . . . . 6 . . . 1 1 21 35 39 5 10 10 13 Corruption Purged . | . . . . . . . . . . . . . . . . . Corruption Blocked . | . . . . . . . . . . . . . . . . . Effects 434 | . . . . 5 . . . 8 16 121 121 61 3 27 12 60 Message Errors 99 | . . . . 2 . . . 4 2 32 20 16 1 7 3 12 Matter Fused 98 | . . . . . . . . 1 5 24 33 15 . 3 5 12 Heat Flow Errors 47 | . . . . . . . . 1 4 11 6 8 . 7 1 9 Energy Discharges 60 | . . . . 1 . . . 1 1 21 14 6 1 4 2 9 Parts Rejected 9 | . . . . . . . . . . 2 5 1 . . . 1 Parts Fused 3 | . . . . . . . . . . . . 2 . . 1 . Data Loss (minor) 45 | . . . . 1 . . . . 2 11 15 4 . 5 . 7 Data Loss (major) 17 | . . . . 1 . . . . 1 4 3 5 . 1 . 2 Misfires 17 | . . . . . . . . . 1 4 8 3 . . . 1 Alerts 8 | . . . . . . . . . . 5 2 . . . . 1 Misdirections 2 | . . . . . . . . . . . 1 . 1 . . . Weapon Failures 29 | . . . . . . . . 1 . 7 14 1 . . . 6 Overload Shots . | . . . . . . . . . . . . . . . . . Overflow Damage 562 | . . . . . . 82 . 9 85 89 . . 133 71 . 93 Projectiles 144 | . . . . . . 44 . 9 19 62 . . 10 . . . Explosions 347 | . . . . . . 38 . . 66 27 . . 123 . . 93 Melee 71 | . . . . . . . . . . . . . . 71 . . Knockbacks 11 | . . . . . . . . . 2 5 . . 4 . . . Impact . | . . . . . . . . . . . . . . . . . Kinetic 10 | . . . . . . . . . 2 4 . . 4 . . . Secondary 1 | . . . . . . . . . . 1 . . . . . . Self-Inflicted Damage 934 | . . . . . 32 163 . . 96 36 . . 362 . . 245 Shots 24 | . . . . . 1 4 . . 3 2 . . 6 . . 8 Rammed 13 | . . . . . . . . . . . . . 1 . . 12 Targets Rammed 16 | . . . . . . . . . . . . 1 1 . . 14 Kicked 1 | . . . . . . . . . . . . 1 . . . . Crushed 2 | . . . . . . . . . . . . . . . . 2 Highest Temperature 408 | . 324 . . 190 408 102 . 318 225 356 277 238 90 255 342 315 Average Temperature 92 | . 130 . . 80 66 27 . 47 36 129 81 107 28 102 172 112 Received Heat Transfer 3178 | . 330 . . 30 72 396 . 102 207 723 834 93 184 . . 207 Effects 12 | . 1 . . . . . . . . 2 . . . . 4 5 Energy Bleed 3 | . 1 . . . . . . . . 1 . . . . 1 . Interference 8 | . . . . . . . . . . . . . . . 3 5 Matter Decay 1 | . . . . . . . . . . 1 . . . . . . Siege Activations 3 | . . . . . . . . . . . . . . . 1 2 Total Turns 174 | . . . . . . . . . . . . . . . 7 167 Longest Duration 134 | . . . . . . . . . . . . . . . 7 134 Martial Activations . | . . . . . . . . . . . . . . . . . Shielding Activations . | . . . . . . . . . . . . . . . . . Robots Disrupted 1 | . . . . . . . . . . 1 . . . . . . Combat Hostiles 1 | . . . . . . . . . . 1 . . . . . . Robots Corrupted 1 | . . . . . . . . . . . . . . . . 1 Combat Hostiles 1 | . . . . . . . . . . . . . . . . 1 Parts Fried 1 | . . . . . . . . . . . . . . . . 1 Impact Corruptions . | . . . . . . . . . . . . . . . . . Robots Melted 10 | . 1 . . . . 3 . 2 . 1 . . 1 . . 2 Combat Hostiles 6 | . . . . . . 1 . 2 . 1 . . 1 . . 1 Parts Melted 72 | . 5 . . 1 1 5 . 12 11 11 6 . 5 1 3 11 Heat Transferred 28563 | . 1663 . . 211 700 3500 . 2600 2033 4859 4025 600 2278 407 296 5391 Parts Sabotaged . | . . . . . . . . . . . . . . . . . Parts Stolen . | . . . . . . . . . . . . . . . . . Parts Stripped . | . . . . . . . . . . . . . . . . . Power Chain Reactions 3 | . . . . . . . . . 1 1 . . . . . 1 Alert | -11 -10 -10 -10 -9 -8 -8 -8 -8 -7 -7 -7 -7 -5 -5 -5 -5 ------- Run | Yrd Mat Min Exi Min Mat Gar Mat Gar Fac Gar Sto Rec Fac Was Fac Gar Maximum Alert Level 5 | . . . . . . 3 2 4 3 5 4 2 4 2 . 4 Low Security (%) 25 | 100 100 100 . 100 100 18 . . . . . 20 8 32 100 42 Level 1 11 | . . . . . . 8 . 35 . . . 61 12 51 . 1 Level 2 23 | . . . . . . 47 100 29 92 12 . 17 24 16 . 3 Level 3 26 | . . . . . . 26 . 22 7 28 90 . 50 . . 29 Level 4 10 | . . . . . . . . 13 . 40 9 . 4 . . 22 Level 5 2 | . . . . . . . . . . 18 . . . . . . High Security . | . . . . . . . . . . . . . . . . . Max Security . | . . . . . . . . . . . . . . . . . Peak Influence 2158 | . 128 42 . 60 92 903 440 1139 744 2158 1173 483 1367 463 66 1275 Initial 1051 | . . 42 . . . 46 440 273 597 512 1051 453 256 463 66 . Average 614 | . 55 5 . 16 10 508 430 639 618 1207 974 283 723 266 15 611 Influence Increases 9730 | . 340 . . 75 217 927 . 916 761 1856 800 165 2203 . 45 1425 Destroy 0b10 Robot/C 4040 | . 180 . . 20 120 520 . 400 320 660 500 100 680 . 20 520 Destroy 0b10 Robot/NC 215 | . 30 . . . 5 20 . . 20 20 35 5 50 . . 30 Destroy Leader 606 | . 46 . . 10 42 40 . 20 104 30 150 . 114 . 10 40 Allied During Kill 242 | . . . . . . . . 4 . 2 . . 236 . . . Successful Hack 145 | . 7 . . . 25 . . 7 52 . 5 . 35 . . 14 Select Force Hacks 240 | . . . . . . . . . 30 . 30 60 120 . . . Disable Machine 705 | . . . . . . 15 . 60 165 120 45 . 270 . 15 15 Anti-Garrison Action 1650 | . . . . . . 150 . 300 . 900 . . . . . 300 Destroy Structure 997 | . 2 . . . 25 107 . 110 55 94 5 . 468 . . 131 Advance Influence 200 | . . . . . . . . . . . . . 200 . . . Partial Spotted 30 | . . . . . . . . 15 . . 15 . . . . . Lose Combat Pursuer 660 | . 75 . . 45 . 75 . . 15 30 15 . 30 . . 375 Influence Decreases 8475 | . 231 109 . 75 146 95 483 197 1168 430 1794 1193 1015 1229 140 170 Entered New Map 4252 | . . 67 . . . 25 463 147 542 220 1107 711 80 861 29 . Time Decay 3218 | . 211 42 . 70 146 . 20 . 626 . 607 452 565 368 111 . Lost Part 665 | . 20 . . 5 . 70 . 10 . 170 60 30 130 . . 170 Lost Ally 340 | . . . . . . . . 40 . 40 20 . 240 . . . Squads Dispatched 34 | . 2 . . . 1 . . . 8 . 8 . 13 . 2 . Investigation 13 | . 2 . . . . . . . 3 . 3 . 4 . 1 . Extermination 10 | . . . . . . . . . 4 . 3 . 3 . . . Reinforcement 6 | . . . . . 1 . . . 1 . 1 . 2 . 1 . Assault 5 | . . . . . . . . . . . 1 . 4 . . . Garrison . | . . . . . . . . . . . . . . . . . Intercept . | . . . . . . . . . . . . . . . . . Searches Triggered . | . . . . . . . . . . . . . . . . . Construction Impeded 2 | . . . . . . . . . 1 . . . 1 . . . Haulers Reinforced . | . . . . . . . . . . . . . . . . . Active Scanning Responses . | . . . . . . . . . . . . . . . . . Cargo Convoy Interrupts 1 | . . . . . . . . . . . . . 1 . . . Stealth | -11 -10 -10 -10 -9 -8 -8 -8 -8 -7 -7 -7 -7 -5 -5 -5 -5 --------- Run | Yrd Mat Min Exi Min Mat Gar Mat Gar Fac Gar Sto Rec Fac Was Fac Gar Distress Signals 7 | . . . . . 1 . . . . . 3 . 3 . . . Communications Jammed 3 | . . . . . . . . . . . 2 . . . 1 . Distress Signals 2 | . . . . . . . . . . . 2 . . . . . Times Spotted 266 | . 17 . . 4 8 27 1 19 15 37 33 5 44 . 4 52 Peak Tracking Total 12 | . 4 . . 3 4 8 2 3 3 6 6 3 8 . 2 12 Tactical Retreats 21 | . 3 . . 2 . 2 . . 1 2 1 . 2 . . 8 Traps | -11 -10 -10 -10 -9 -8 -8 -8 -8 -7 -7 -7 -7 -5 -5 -5 -5 ------- Run | Yrd Mat Min Exi Min Mat Gar Mat Gar Fac Gar Sto Rec Fac Was Fac Gar Traps Triggered 25 | . 1 . . . . 4 . 2 3 7 2 . 3 . . 3 Indirectly 3 | . . . . . . . . . . 3 . . . . . . Trap Hack Attempts . | . . . . . . . . . . . . . . . . . Triggered . | . . . . . . . . . . . . . . . . . Disarmed . | . . . . . . . . . . . . . . . . . Reprogrammed . | . . . . . . . . . . . . . . . . . Reused . | . . . . . . . . . . . . . . . . . Traps Extracted . | . . . . . . . . . . . . . . . . . Installed . | . . . . . . . . . . . . . . . . . Triggered . | . . . . . . . . . . . . . . . . . Machines | -11 -10 -10 -10 -9 -8 -8 -8 -8 -7 -7 -7 -7 -5 -5 -5 -5 ---------- Run | Yrd Mat Min Exi Min Mat Gar Mat Gar Fac Gar Sto Rec Fac Was Fac Gar Machines Disabled 58 | . . . . . . 2 . 8 11 10 3 . 18 . 1 5 Max in Single Turn 4 | . . . . . . 1 . 1 4 1 1 . 3 . 1 2 Garrison Relay 8 | . . . . . . 1 . 3 . 2 . . . . . 2 Phase Generator 1 | . . . . . . . . . . . . . . . . 1 Machines Repaired . | . . . . . . . . . . . . . . . . . Machines Dismantled . | . . . . . . . . . . . . . . . . . Machines Sabotaged . | . . . . . . . . . . . . . . . . . Overloaded Fab Kills . | . . . . . . . . . . . . . . . . . Hacking | -11 -10 -10 -10 -9 -8 -8 -8 -8 -7 -7 -7 -7 -5 -5 -5 -5 --------- Run | Yrd Mat Min Exi Min Mat Gar Mat Gar Fac Gar Sto Rec Fac Was Fac Gar Machines Accessed 72 | . 2 . 1 . 7 . 1 4 17 . 11 8 16 . 3 2 Terminals 41 | . 2 . . . 5 . . 4 8 . 8 5 6 . 1 2 Fabricators 3 | . . . . . . . . . 1 . . . 2 . . . Repair Stations 6 | . . . . . . . . . 1 . 2 . 3 . . . Recycling Units 11 | . . . . . . . . . 2 . 1 3 4 . 1 . Scanalyzers 6 | . . . . . 1 . . . 4 . . . 1 . . . Garrison Access 4 | . . . . . 1 . 1 . 1 . . . . . 1 . Total Hacks 172 | . 6 . 1 . 25 . 4 8 41 . 23 14 39 . 7 4 Successful 80 | . 4 . 1 . 19 . 3 2 16 . 8 2 22 . 2 1 Failed 92 | . 2 . . . 6 . 1 6 25 . 15 12 17 . 5 3 Catastrophic 23 | . . . . . 2 . . 1 6 . 1 8 4 . . 1 Database Lockouts . | . . . . . . . . . . . . . . . . . Manual 43 | . 1 . 1 . 5 . 2 . 6 . 3 13 8 . 4 . Terminals 75 | . 6 . . . 8 . . 8 17 . 16 7 7 . 2 4 Fabricators 7 | . . . . . . . . . 3 . . . 4 . . . Repair Stations 21 | . . . . . . . . . 7 . 6 . 8 . . . Recycling Units 21 | . . . . . . . . . 4 . 1 7 7 . 2 . Scanalyzers 34 | . . . . . 13 . . . 8 . . . 13 . . . Garrison Access 13 | . . . . . 4 . 4 . 2 . . . . . 3 . Terminal Hacks 21 | . 3 . 1 . 4 . . 2 5 . 4 . . . 1 1 Record 1 | . . . . . . . . . . . . . . . 1 . Robot Analysis 1 | . . . . . 1 . . . . . . . . . . . Prototype ID Bank 3 | . 1 . . . 1 . . . 1 . . . . . . . Open Door 5 | . . . . . . . . 1 . . 4 . . . . . Level Access Points 1 | . . . . . . . . . 1 . . . . . . . Emergency Access Points 2 | . . . . . . . . 1 . . . . . . . 1 Terminal Index 1 | . . . . . 1 . . . . . . . . . . . Repair Station Index 1 | . . . . . 1 . . . . . . . . . . . Recycling Unit Index 1 | . . . . . . . . . 1 . . . . . . . Locate Traps 1 | . 1 . . . . . . . . . . . . . . . Registered Components 2 | . 1 . . . . . . . 1 . . . . . . . Zone Layout 1 | . . . . . . . . . 1 . . . . . . . Proto ID Catalog 1 | . . . 1 . . . . . . . . . . . . . Fabricator Hacks 4 | . . . . . . . . . 1 . . . 3 . . . Network Status 2 | . . . . . . . . . 1 . . . 1 . . . Load Schematic 1 | . . . . . . . . . . . . . 1 . . . Build 1 | . . . . . . . . . . . . . 1 . . . Repair Station Hacks 9 | . . . . . . . . . 3 . 3 . 3 . . . Scan Component 6 | . . . . . . . . . 2 . 2 . 2 . . . Repair 3 | . . . . . . . . . 1 . 1 . 1 . . . Recycling Unit Hacks 2 | . . . . . . . . . 1 . . . 1 . . . Report Inventory 1 | . . . . . . . . . 1 . . . . . . . Retrieve Components 1 | . . . . . . . . . . . . . 1 . . . Scanalyzer 26 | . . . . . 12 . . . 3 . . . 11 . . . Insert Component 13 | . . . . . 5 . . . 2 . . . 6 . . . Analyze 13 | . . . . . 7 . . . 1 . . . 5 . . . Garrison Access Hacks 6 | . . . . . 2 . 2 . 1 . . . . . 1 . Unlock Access 4 | . . . . . 1 . 1 . 1 . . . . . 1 . Coupler Status 2 | . . . . . 1 . 1 . . . . . . . . . Unauthorized Hacks 12 | . 1 . . . 1 . 1 . 2 . 1 2 4 . . . Terminals 1 | . 1 . . . . . . . . . . . . . . . Search 1 | . 1 . . . . . . . . . . . . . . . Fabricators . | . . . . . . . . . . . . . . . . . Repair Stations . | . . . . . . . . . . . . . . . . . Recycling Units 8 | . . . . . . . . . 1 . 1 2 4 . . . Tunnel 8 | . . . . . . . . . 1 . 1 2 4 . . . Scanalyzers . | . . . . . . . . . . . . . . . . . Garrison Access 3 | . . . . . 1 . 1 . 1 . . . . . . . Broadcast 3 | . . . . . 1 . 1 . 1 . . . . . . . Data Cores Recovered . | . . . . . . . . . . . . . . . . . Used . | . . . . . . . . . . . . . . . . . Hacking Detections 62 | . 2 . . . 7 . 1 4 15 . 8 7 13 . 3 2 Full Trace Events 8 | . . . . . . . . 1 1 . 2 2 . . 1 1 Feedback Events 1 | . . . . . . . . 1 . . . . . . . . Corruption 1 | . . . . . . . . 1 . . . . . . . . Feedback Blocked . | . . . . . . . . . . . . . . . . . Robot Schematics Acquired . | . . . . . . . . . . . . . . . . . Robots Built . | . . . . . . . . . . . . . . . . . Authchips . | . . . . . . . . . . . . . . . . . Time . | . . . . . . . . . . . . . . . . . Total Robot Build Rating . | . . . . . . . . . . . . . . . . . Part Schematics Acquired 11 | . . . . . 5 . . . 1 . . . 5 . . . Parts Built 2 | . . . . . . . . . . . . . 2 . . . Authchips . | . . . . . . . . . . . . . . . . . Time 117 | . . . . . . . . . . . . . 117 . . . Total Part Build Rating 14 | . . . . . . . . . . . . . 14 . . . Parts Repaired 3 | . . . . . . . . . 1 . 1 . 1 . . . Time 92 | . . . . . . . . . 44 . 26 . 22 . . . Parts Recycled . | . . . . . . . . . . . . . . . . . Recycled Matter . | . . . . . . . . . . . . . . . . . Retrieved Matter . | . . . . . . . . . . . . . . . . . Retrieved Components 9 | . . . . . . . . . . . . . 9 . . . Parts Scanalyzed 11 | . . . . . 5 . . . 1 . . . 5 . . . Part Schematics Acquired 11 | . . . . . 5 . . . 1 . . . 5 . . . Parts Damaged 1 | . . . . . . . . . . . . . 1 . . . Bothacking | -11 -10 -10 -10 -9 -8 -8 -8 -8 -7 -7 -7 -7 -5 -5 -5 -5 ------------ Run | Yrd Mat Min Exi Min Mat Gar Mat Gar Fac Gar Sto Rec Fac Was Fac Gar Used RIF Installer 4 | . . . . . . 1 . 1 . 1 . . . . . 1 Command Fork 1 | . . . . . . . . 1 . . . . . . . . Signal Jammer 1 | . . . . . . . . . . . . . . . . 1 Autooverride 1 | . . . . . . . . . . 1 . . . . . . Robots Hacked 2 | . . . . . . . . . . . . . 2 . . . Non-combat . | . . . . . . . . . . . . . . . . . Combat 2 | . . . . . . . . . . . . . 2 . . . Autooverrided 2 | . . . . . . . . . . . . . 2 . . . Robot Hacks Applied . | . . . . . . . . . . . . . . . . . Relay Couplers Released 35 | . . . . . . 4 . 12 . 10 . . . . . 9 Machine Destruction 35 | . . . . . . 4 . 12 . 10 . . . . . 9 Attached 3 | . . . . . . . . . . . . . 1 . . 2 Fabnet Peak Effective % . | . . . . . . . . . . . . . . . . . Robots Rewired 19 | . . . . . . . . 2 . 2 . 15 . . . . Allies Hacked 2 | . . . . . . . . 1 . . . . 1 . . . Hacks Repelled . | . . . . . . . . . . . . . . . . . Allies | -11 -10 -10 -10 -9 -8 -8 -8 -8 -7 -7 -7 -7 -5 -5 -5 -5 -------- Run | Yrd Mat Min Exi Min Mat Gar Mat Gar Fac Gar Sto Rec Fac Was Fac Gar Total Allies 21 | . . . . . . . . 2 . 2 . 15 2 . . . Largest Group 15 | . . . . . . . . 2 . 1 . 15 15 . . . Highest-Rated Group 386 | . . . . . . . . 70 . 30 . 386 386 . . . Highest-Rated Ally 49 | . . . . . . . . 39 . 30 . 40 49 . . . Total Orders 4 | . . . . . . 1 . 2 . . 1 . . . . . EXPLORE 3 | . . . . . . . . 2 . . 1 . . . . . RETURN 1 | . . . . . . 1 . . . . . . . . . . Ally Attacks 75 | . . . . . . . . 9 . 6 . . 60 . . . Total Damage 2780 | . . . . . . . . 191 . 136 . . 2453 . . . Kills 24 | . . . . . . . . 2 . 1 . . 21 . . . Allies Corrupted 2 | . . . . . . . . . . . . . 2 . . . Allies Melted . | . . . . . . . . . . . . . . . . . Intel | -11 -10 -10 -10 -9 -8 -8 -8 -8 -7 -7 -7 -7 -5 -5 -5 -5 ------- Run | Yrd Mat Min Exi Min Mat Gar Mat Gar Fac Gar Sto Rec Fac Was Fac Gar Active Infowar (turns) 5800 | . 501 414 655 68 . . . . 164 5 135 1132 1473 24 428 801 Optics 229 | . 229 . . . . . . . . . . . . . . . Sensors 1409 | . 272 414 655 68 . . . . . . . . . . . . Terrain 2315 | . . . . . . . . . . 5 . 856 1454 . . . T.N.C. 272 | . . . . . . . . . . . . . . . . 272 Jamming 1723 | . . . . . . . . . 164 . 135 374 69 24 428 529 ECM 1 | . . . . . . . . . . . . . 1 . . . Robot Analysis Total 1 | . . . . . 1 . . . . . . . . . . . Derelict Logs Recovered 1 | . . . . 1 . . . . . . . . . . . . Drone Launches 6 | . . . . . . 2 . 2 . . 2 . . . . . Drone Recoveries 2 | . . . . . . 2 . . . . . . . . . . Exploration | -11 -10 -10 -10 -9 -8 -8 -8 -8 -7 -7 -7 -7 -5 -5 -5 -5 ------------- Run | Yrd Mat Min Exi Min Mat Gar Mat Gar Fac Gar Sto Rec Fac Was Fac Gar Turns Passed 18866 | 113 669 414 655 228 1262 1401 53 1669 2144 2936 1974 1132 1685 854 448 1229 Spaces Moved 10012 | 48 280 325 536 147 530 602 42 783 1307 1678 565 634 1044 496 251 744 Core 118 | 32 . . . . . . . . . . . . 31 45 . 10 Treads 1535 | 16 263 . . . . 4 . . . 297 . . . 441 251 263 Legs 7888 | . 17 325 536 147 530 598 42 783 1307 1381 565 634 1013 10 . . Wheels . | . . . . . . . . . . . . . . . . . Hover 471 | . . . . . . . . . . . . . . . . 471 Flight . | . . . . . . . . . . . . . . . . . Fastest Speed 46 | 50 120 120 120 120 120 110 110 110 112 120 120 112 50 50 160 46 Average Speed 122 | 165 157 120 120 120 120 130 115 112 114 131 123 119 112 152 160 87 Slowest Speed 330 | 200 160 120 120 120 122 330 186 330 120 260 192 123 190 180 160 160 Overloaded Moves . | . . . . . . . . . . . . . . . . . Propulsion Burnouts . | . . . . . . . . . . . . . . . . . Robots Hopped . | . . . . . . . . . . . . . . . . . Potential Cave-ins . | . . . . . . . . . . . . . . . . . Cave-ins Triggered . | . . . . . . . . . . . . . . . . . Exploration Rate (%) 50 | 6 42 53 92 37 44 55 5 76 28 86 62 87 31 96 6 60 Regions Visited 16 Branch Regions 5 Pre-discovered Areas 8 | . . . . . . . . . 1 . 1 2 4 . . . Known Exits Taken 4 | . . . . . 1 . 1 . 1 . . . . . 1 . Unknown Exits Taken 7 | 1 1 1 1 1 . . . . . . 1 1 . . . . Scrap Searched 2 | . . . . 2 . . . . . . . . . . . . Spaces Dug 27 | . . . . . 7 17 . . 3 . . . . . . . Terrain Destroyed 416 | . . . . . 24 98 . . 51 5 . . 163 . . 75 Melee 7 | . . . . . . 7 . . . . . . . . . . Projectile 25 | . . . . . 3 1 . . 3 . . . 18 . . . AOE 384 | . . . . . 21 90 . . 48 5 . . 145 . . 75 Terrain Rammed . | . . . . . . . . . . . . . . . . . Walls Destroyed . | . . . . . . . . . . . . . . . . . Machines Disabled . | . . . . . . . . . . . . . . . . . Actions | -11 -10 -10 -10 -9 -8 -8 -8 -8 -7 -7 -7 -7 -5 -5 -5 -5 --------- Run | Yrd Mat Min Exi Min Mat Gar Mat Gar Fac Gar Sto Rec Fac Was Fac Gar Total 15398 | 82 410 349 550 186 1133 1068 46 1461 1844 2180 1616 980 1472 568 288 1165 Wait 3754 | 19 53 25 6 28 538 300 . 532 449 231 869 121 301 6 25 251 Move 10000 | 47 279 324 535 146 529 601 42 782 1307 1677 564 633 1044 495 251 744 Hop . | . . . . . . . . . . . . . . . . . Pick Up 203 | 10 14 . 5 1 21 19 1 15 6 35 13 11 25 9 2 16 Fast Attach 44 | . . . . . . . . 2 3 4 7 3 5 16 . 4 Attach 96 | 6 5 . . 1 8 9 . 5 . 26 6 4 8 5 . 13 Detach 4 | . . . . . . . . . . 1 . . . 1 . 2 Swap 156 | . 4 . . . 9 25 2 15 15 23 21 1 23 3 3 12 Drop 175 | . 5 . 4 3 15 14 1 18 9 21 21 6 29 12 3 14 Fire 644 | . 50 . . 7 13 74 . 64 55 138 105 14 36 4 4 80 Melee 23 | . . . . . . 16 . . . . . . . 7 . . Ram 4 | . . . . . . . . . . . . . 1 . . 3 Kick 1 | . . . . . . . . . . . . 1 . . . . Crush 11 | . . . . . . . . . . . . . . . . 11 Escape Stasis 61 | . . . . . . 10 . 10 . 16 10 . . . . 15 Rewire 222 | . . . . . . . . 18 . 8 . 186 . 10 . . Trap . | . . . . . . . . . . . . . . . . . Miscellaneous . | . . . . . . . . . . . . . . . . . Route ------- -11/Scrapyard -10/Materials -10/Mines (discovered 2 exits: [*Mat] / *Exi) -10/Exiles (discovered 2 exits: [*Min x2]) -9/Mines -8/Materials (discovered 2 exits: *Fac / Gar) -8/Garrison -8/Materials -8/Garrison -7/Factory (discovered 6 exits: Fac x4 / *Low / Gar) -7/Garrison (discovered 3 exits: *Sto x3) -7/Storage -7/Recycling (discovered 2 exits: *Fac / [Scr]) -5/Factory -5/Waste -5/Factory (discovered 2 exits: [*Upp] / Gar) -5/Garrison (discovered 2 exits: [*Fac x2]) History --------- Turn | Location | Event 20 | -11/Scrapyard | Discovered new exit (range 16) 114 | -11/Scrapyard | Entered Materials 303 | -10/Materials | Build established: Mutant 514 | -10/Materials | Discovered new exit (range 8) 783 | -10/Materials | Entered Mines 808 | -10/Mines | Met a Derelict bent on vengeance 839 | -10/Mines | Deemed a non-threat by the Exiles lab entrance 839 | -10/Mines | Discovered new exit (range 5) 920 | -10/Mines | Discovered new exit (range 6) 1197 | -10/Mines | Entered Exiles 1241 | -10/Exiles | Discovered new exit (range 15) 1259 | -10/Exiles | Met 8R-AWN 1307 | -10/Exiles | Met EX-HEX 1382 | -10/Exiles | Met EX-DEC 1481 | -10/Exiles | Met EX-BIN 1501 | -10/Exiles | Aligned with FarCom system 1502 | -10/Exiles | Given EX-Vault access code 1541 | -10/Exiles | Opened EX-Vault 1554 | -10/Exiles | Found Superbattery 1579 | -10/Exiles | Warned to stay clear of 0b10 Research branches 1652 | -10/Exiles | Visited The Gauntlet 1839 | -10/Exiles | Discovered new exit (range 12) 1852 | -10/Exiles | Left Exiles lab with Superbattery 1852 | -10/Exiles | Entered Mines 1927 | -9/Mines | Core integrity fell below 50% 1964 | -9/Mines | Learned Materials terminal intel 2063 | -9/Mines | Discovered new exit (range 11) 2080 | -9/Mines | Entered Materials 2080 | -8/Materials | Evolved 4 slots: Propulsion x2, Utility x2 2081 | -8/Materials | Loaded intel: 12 terminal locations 2894 | -8/Materials | Discovered new exit (range 16) 3339 | -8/Materials | Identified exit to Garrison 3342 | -8/Materials | Entered Garrison 3452 | -8/Garrison | Triggered checkpoint 3828 | -8/Garrison | Discovered new exit (range 8) 3881 | -8/Garrison | Triggered checkpoint 3977 | -8/Garrison | Garrison Relay disabled 4426 | -8/Garrison | Lost 7 parts (2p4n1u) 4432 | -8/Garrison | Destroyed 8 combat bots 4477 | -8/Garrison | Installed Relay Interface Framework 4676 | -8/Garrison | Build established: Scavenger-Mutant 4743 | -8/Garrison | Entered Materials 4796 | -8/Materials | Identified exit to Garrison 4796 | -8/Materials | Entered Garrison 4894 | -8/Garrison | Triggered checkpoint 4984 | -8/Garrison | Triggered checkpoint 5038 | -8/Garrison | Garrison Relay disabled 5786 | -8/Garrison | Triggered checkpoint 5872 | -8/Garrison | Garrison Relay disabled 5909 | -8/Garrison | Discovered new exit (range 10) 6009 | -8/Garrison | Triggered checkpoint 6159 | -8/Garrison | Triggered checkpoint 6173 | -8/Garrison | Garrison Relay disabled 6275 | -8/Garrison | Expanded RIF knowledge: Command Fork 6465 | -8/Garrison | Entered Factory 6465 | -7/Factory | Evolved 2 slots: Propulsion x1, Utility x1 7367 | -7/Factory | Discovered new exit (range 8) 7389 | -7/Factory | Identified exit to Lower Caves 7468 | -7/Factory | Identified exit to Factory 8169 | -7/Factory | Repaired Plasma Cannon 8609 | -7/Factory | Identified exit to Garrison 8609 | -7/Factory | Entered Garrison 8840 | -7/Garrison | Triggered checkpoint 8981 | -7/Garrison | Triggered checkpoint 9067 | -7/Garrison | Build established: Mutant 9075 | -7/Garrison | Triggered checkpoint 9344 | -7/Garrison | Discovered new exit (range 14) 9548 | -7/Garrison | Triggered checkpoint 9594 | -7/Garrison | Discovered new exit (range 15) 9668 | -7/Garrison | Lost 3 parts (2n1u) 9781 | -7/Garrison | Identified exit to Storage 9802 | -7/Garrison | System corruption reached 10% 9894 | -7/Garrison | Triggered checkpoint 9929 | -7/Garrison | System corruption reached 30% 9967 | -7/Garrison | Lost 7 parts (2n2u3w) 10018 | -7/Garrison | Build established: Scavenger-Mutant 10362 | -7/Garrison | Triggered checkpoint 10607 | -7/Garrison | Triggered checkpoint 10647 | -7/Garrison | Triggered checkpoint 10926 | -7/Garrison | Discovered exit to Storage (range 10) 10953 | -7/Garrison | Triggered checkpoint 11119 | -7/Garrison | Expanded RIF knowledge: Autooverride 11214 | -7/Garrison | Garrison Relay disabled 11419 | -7/Garrison | Garrison Relay disabled 11545 | -7/Garrison | Entered Storage 12485 | -7/Storage | Core integrity fell below 50% 12745 | -7/Storage | First assault squad dispatched 13122 | -7/Storage | Repaired Med. Storage Unit 13379 | -7/Storage | Used back door to open Recycling access 13379 | -7/Storage | Discovered new exit (range 5) 13394 | -7/Storage | Lost 5 parts (1p1n2u1w) 13519 | -7/Storage | Entered Recycling 13969 | -7/Recycling | Discovered new exit (range 18) 13969 | -7/Recycling | Scanned before Scraplab entrance 14067 | -7/Recycling | Build established: Scavenger-Skirmisher 14185 | -7/Recycling | Discovered new exit (range 19) 14651 | -7/Recycling | Entered Factory 14651 | -5/Factory | Accompanied by 15 allies 14651 | -5/Factory | Evolved 4 slots: Utility x3, Weapon x1 14698 | -5/Factory | Build established: Commander-Skirmisher 15065 | -5/Factory | Lost 3 allies 15080 | -5/Factory | Repaired Hvy. Missile Launcher 15366 | -5/Factory | Cargo convoy interrupted 15411 | -5/Factory | Lost 4 allies 15551 | -5/Factory | First assault squad dispatched 15579 | -5/Factory | Lost 7 allies 15736 | -5/Factory | Fabricated Imp. Cloaking Device (x2) 15803 | -5/Factory | Build established: Scavenger-Skirmisher 15812 | -5/Factory | Destroyed 9 combat bots 16323 | -5/Factory | System corruption reached 10% 16336 | -5/Factory | Sucked down chute 16336 | -5/Factory | Entered Waste 16336 | -5/Waste | The area was eerily silent 16343 | -5/Waste | Found Prototype Device 16343 | -5/Waste | Identified System Purifier 16356 | -5/Waste | Lost 11 parts (4n5u2w) 16383 | -5/Waste | Found Unknown Protection 16383 | -5/Waste | Identified Damper Plating 16401 | -5/Waste | Found Prototype Launcher 16676 | -5/Waste | Build established: Scavenger-Mutant 16803 | -5/Waste | Discovered new exit (range 13) 16851 | -5/Waste | Identified Com. Tesla Bomb Launcher 17190 | -5/Waste | Entered Factory 17228 | -5/Factory | Build established: Scavenger-Tank 17342 | -5/Factory | Discovered new exit (range 4) 17638 | -5/Factory | Identified exit to Garrison 17638 | -5/Factory | Entered Garrison 17702 | -5/Garrison | Triggered checkpoint 17804 | -5/Garrison | Garrison Relay disabled 18166 | -5/Garrison | Triggered checkpoint 18166 | -5/Garrison | Triggered checkpoint 18177 | -5/Garrison | Triggered checkpoint 18193 | -5/Garrison | Core integrity fell below 50% 18207 | -5/Garrison | Destroyed 8 combat bots 18249 | -5/Garrison | Destroyed 7 combat bots 18420 | -5/Garrison | Lost 4 parts (1p3u) 18578 | -5/Garrison | Expanded RIF knowledge: Signal Jamming 18588 | -5/Garrison | Phase Generator disabled 18648 | -5/Garrison | Garrison Relay disabled 18671 | -5/Garrison | Discovered new exit (range 13) 18737 | -5/Garrison | Discovered new exit (range 12) 18846 | -5/Garrison | Core integrity fell below 20% 18864 | -5/Garrison | System corruption reached 30% 18867 | -5/Garrison | Destroyed by P-70 Sage with High-powered Shock Rifle Last Messages --------------- 18816_ Adv. Heat Sink destroyed. 18825_ System corrupted: Heat flow error (+275). 18829_ C-30 ARC bursts open, deploying its payload. 18829_ H-66 Slayer unfolds itself. 18829_ Slug penetrates Wall. 18829_ Penetrated by Slug. 18833_ Hvy. Laser destroyed. 18838_ ALERT: Garrison interior compromised. 18842_ System corrupted: Heat flow error (+166). 18842_ Slug penetrates Wall. 18845_ Penetrated by Slug. 18845_ Cmb. Linear Gravjet destroyed. 18848_ Slug penetrates Wall. 18857_ System corrupted: Matter fused (-6). 18859_ Slug penetrates Wall. 18863_ Relay Coupler [Sentry] destroyed. 18865_ Slammed into H-66 Slayer. 18866_ Slammed into P-70 Sage. 18867_ Slammed into L-41 Fighter. Map ----- +----------------------------------------------------+ | | | | | | | | | | | | | | | ?????????????????????????????????????????????????? | | ?????????????????????????????????????????????????? | | ?????????????????????????????????????????????????? | | ?????????????????????????????????????????????????? | | ?????????????????????????????????????????????????? | | ?????????????????????????????????????????????????? | | ?????????????????????????????????????????????????? | | ?????????????????????????????????????????????????? | | ?????????????????????????????????????????????????? | | ?????????????????????????????????????????????????? | | ?????????????????????????????????????????????????? | | ?????????????????????????????????????????????????? | | ?????????????????????#########???????????????????? | | ?????????????????????#!! !!#???????????????????? | | ?????????????????????#!!#p#!!#???????????????????? | | ?????????????????????## # # ##???????????????????? | | ?????????????????????#!!/ph!!#???????????????????? | | ?????????????????????#!!#l#!!#??#????????????????? | | ?????????????????????####@####?? ??????????Y?????? | | ????????????????????????#p#????? ????????????????? | | ????????????????????????#g#????? ??????????######? | | ????????????????????????# #### " #?????????# #? | | ????????????????????????#g %" #?????????# < #? | | ????????????????????????# #### " #?????????# #? | | ????????????????????????#g#????# #?????????# ###? | | ????????????????????????# #????# #?????????# #??? | | ????????????????????????# #????# #?????????# #??? | | ????????????????????????# #????# #####?????# #??? | | ????????????????????????# #????# #?????# #??? | | ????????????????????????# #????# #?# #?????# #??? | | ????????????????????????# #????# #?# #?????# #??? | | ????????????????????????# #????# #?# #?????# #??? | | ????????????????????????# #????# #?# #?????# #??? | | ???????????????????????## ###### ### ####### #??? | | ???????????????????????# #??? | | ???????????????????????# #??? | | ???????????????????????# ###### ## ##########??? | | ???????????????????????# ###### ##^ #???????????? | | ???????????????????????# ## #???????????? | | ???????????????????????# ##### ### #???????????? | | ????????????? ?#####?# #???# #?# #???????????? | | ????????????# ## ?#[ #???# #?# #???????????? | | ????????????# ## ##%*##??# #?# #???????????? | +----------------------------------------------------+ Best States ------------- Heat Dissipation 86 Energy Generation 21 Energy Capacity 325 Matter Stores 300 Matter Capacity 300 Sight Range 18 Robot Scan Range 14 Terrain Scan Range 20 Terrain Scan Density 210 Jamming Range 14 Additional Mass Support 12 EM Shielding 2 Armor Coverage 1350 Resistance: TH 10 Power Shielding 33 Propulsion Shielding 66 Weapon Shielding 66 Evasion (%) 55 Launcher Accuracy 40 Recoil Reduction 4 Relay Coupler Types 1 Relay Coupler Value 26 Item Schematics ----------------- Imp. Cooling System | -8/Materials | Scanalyzed Imp. Targeting Computer | -8/Materials | Scanalyzed Hammer | -8/Materials | Scanalyzed Plasma Cannon | -8/Materials | Scanalyzed Particle Gun | -8/Materials | Scanalyzed Hrd. Heavy Armor Plating | -7/Factory | Scanalyzed Flexi-carbon Leg | -5/Factory | Scanalyzed ECM Suite | -5/Factory | Scanalyzed Smartbomb Launcher | -5/Factory | Scanalyzed Adv. System Restoration Module | -5/Factory | Scanalyzed Great Axe | -5/Factory | Scanalyzed Robot Schematics ------------------ None Fabricated ------------ Imp. Cloaking Device | x2 | -5/Factory | Preloaded Repaired ---------- Plasma Cannon | 7% | -7/Factory Med. Storage Unit | 8% | -7/Storage Hvy. Missile Launcher | 22% | -5/Factory Alien Tech Used ----------------- None Achievements -------------- Dramatic Entrance Hey, That's Mine! Oh No You Don't! Challenges ------------ None Game ------ Seed SubatomicHellfireHammer Manual? 0 Play Time 03:04:11 Cumulative 81.1 hours Start 2025.08.26 @ 19:13:44 End 2025.08.26 @ 22:40:44 Sessions 1 Manual Loads 0 Difficulty Rogue Special Mode None Game No. 60 Rogue 60 Adventurer 0 Explorer 0 Win Type - Total 2 Types 1/0/0/1/0/0/0/0/0/0 Lore% 61 Gallery% 53 Achievement% 46 Wizard Run 0 Options --------- Layout 1 ASCII 0 Keyboard 0 Movement Mouse Keybinds 0 Fullscreen 1 Font 24/Smallcaps Map View 50x35 Zoom Use 0% Tactical HUD 1 Map Filters NONE Filters NONE Steam 1 RUN: b0188642-e3df-4b6d-929a-16e8ef351a48